 Dungeon Crawl Stone Soup version 0.24-a0-232-g49d9ff8 (webtiles) character file.

Game seed: 14967853847856043956

121 xeno23 the Sneak (level 5, -3/36 HPs)
             Began as an Octopode Assassin on Apr 4, 2019.
             Slain by an orc priest
             ... wielding a cursed -3 falchion
              (4 damage)
             ... on level 3 of the Dungeon.
             The game lasted 00:04:10 (1959 turns).

xeno23 the Sneak (Octopode Assassin)                Turns: 1959, Time: 00:04:11

Health: -3/36      AC:  1    Str: 10    XL:     5   Next: 5%
Magic:  5/5        EV: 13    Int: 14    God:
Gold:   158        SH:  0    Dex: 14    Spells: 4/4 levels left

rFire    . . .     SeeInvis .   a - +2 dagger
rCold    . . .     Gourm    .   (no shield)
rNeg     . . .     Faith    .   (helmet restricted)
rPois    .         Spirit   .   (no amulet)
rElec    .         Reflect  .   (no ring)
rCorr    .         Harm     .   (no ring)
MR       .....                  (no ring)
Stlth    ++++......             (no ring)
HPRegen  0.12/turn              (no ring)
MPRegen  0.09/turn              (no ring)
                                (no ring)
                                (no ring)

@: lethally poisoned (-3 -> -11), very slightly contaminated, invisible
A: almost no armour, stealthy swim, amphibious, 8 rings, constrict 8, tentacle
spike 1, camouflage 1, blurry vision 1, gelatinous body 1
a: no special abilities


You were on level 3 of the Dungeon.
You were not hungry.

You visited 1 branch of the dungeon, and saw 3 of its levels.

You collected 158 gold pieces.

Inventory:

Hand Weapons
 a - a +2 dagger (weapon)
 b - a +0 blowgun
Missiles
 c - 18 poisoned needles
 d - 2 curare-tipped needles
 m - 5 needles of confusion
Scrolls
 g - a scroll of identify {unknown}
 i - a scroll of blinking
 j - a scroll of amnesia
 k - a scroll of remove curse
 q - a scroll of immolation {unknown}
Potions
 l - a potion of curing {unknown}
 n - a potion of berserk rage {unknown}
 o - a potion of might {unknown}
 p - a potion of haste {unknown}
Comestibles
 f - 5 rations
 r - a chunk of flesh


   Skills:
 + Level 2.8 Fighting
 * Level 3.5 Short Blades
 - Level 2.0 Throwing
 - Level 1.0 Dodging
 * Level 6.8 Stealth


You had 4 spell levels left.
You didn't know any spells.
Your spell library was empty.

Dungeon Overview and Level Annotations

Branches:
Dungeon (3/15)

Altars:
Fedhas
Nemelex Xobeh
Xom


Innate Abilities, Weirdness & Mutations

You cannot wear most types of armour.
You are very stealthy in the water. (Stealth+)
You are amphibious.
You can wear up to eight rings at the same time.
You can use your tentacles to constrict eight enemies at once.
Your skin changes colour to match your surroundings (Stealth+).
Your rubbery body absorbs attacks. (AC +1, EV +1)
One of your tentacles bears a spike.
Scrolls take you a little longer to read.


Message History

You feel sick.
The orc priest mumbles some strange prayers to Beogh against you.
Pain shoots through your body!
* * * LOW HITPOINT WARNING * * *
You take 5 damage.
You barely miss the orc priest.
The orc priest is moderately wounded.
You constrict the orc priest.
* * * LOW HITPOINT WARNING * * *
You feel sick. The orc priest misses you.
You take 1 damage.
It was a potion of mutation.
You feel extremely strange.
Your regeneration stops near monsters.
Your vision blurs.
You begin to regenerate regardless of the presence of monsters.
One of your lower tentacles grows a sharp spike.
You constrict the orc priest.
* * * LOW HITPOINT WARNING * * *
You feel sick.
The orc priest hits you with a cursed -3 falchion.
You die...

#................#
#.##...####†###..#
#. #...# #.# #..# #
##### #.# #..# #.#
#.)########### #.#
#............# #.#
##.#########.# #.#
#o# #.# #.# #@# #.#
#)# #.# # #.# #.#
#.##.#.#########.#
.........÷........#
(#.##.#.....#######
#.#####.# . #.# ##
#.#


You could see an orc priest.

Vanquished Creatures
  4 adders
  An ooze (D:1)
  4 worms
  A leopard gecko (D:1)
  5 orcs (D:3)
  2 ball pythons
  7 bats
  5 goblins
  7 hobgoblins
  5 jackals (D:2)
  5 kobolds
  8 frilled lizards
  A giant cockroach zombie (D:2)
  12 rats
67 creatures vanquished.

Vanquished Creatures (others)
  3 fungi (D:3)
3 creatures vanquished.

Grand Total: 70 creatures vanquished

Notes
Turn   | Place    | Note
-------+----------+-------------------------------------------
     0 | D:1      | xeno23 the Octopode Assassin began the quest for the Orb.
     0 | D:1      | Reached XP level 1. HP: 14/14 MP: 1/1
    31 | D:1      | Reached XP level 2. HP: 19/19 MP: 2/2
   821 | D:2      | Reached XP level 3. HP: 16/24 MP: 3/3
   842 | D:2      | Reached skill level 6 in Stealth
  1209 | D:2      | Reached XP level 4. HP: 22/30 MP: 4/4
  1777 | D:3      | Found a blossoming altar of Fedhas.
  1777 | D:3      | Found a shimmering altar of Xom.
  1778 | D:3      | Found a sparkling altar of Nemelex Xobeh.
  1938 | D:3      | Reached XP level 5. HP: 34/36 MP: 5/5
  1959 | D:3      | Gained mutation: You do not regenerate when monsters are
                  | visible. [potion of mutation]
  1959 | D:3      | Gained mutation: Scrolls take you a little longer to read.
                  | [potion of mutation]
  1959 | D:3      | Lost mutation: You do not regenerate when monsters are
                  | visible. [potion of mutation]
  1959 | D:3      | Gained mutation: One of your tentacles bears a spike.
                  | [potion of mutation]
  1959 | D:3      | HP: 1/36 [poisoned by an orc]
  1959 | D:3      | Slain by an orc priest

Levels and vault maps discovered:
D:1:      onia_arrival_handbag, layout_basic, minmay_misc_feat_hallway
D:2:      layout_loops_cross, first_ration, solitary_fountain, minmay_tromino_v7
D:3:      layout_loops_ring, chequers_temple_overflow_statue_of_worship,
          uniq_crazy_yiuf_cottage

Skill      XL: |  1  2  3 |
---------------+----------+-----
Stealth        | 6 |  6.8
Short Blades   | 3 |  3.5
Fighting       | |  2.8
Throwing       | |  2.0
Dodging        | |  1.0

Action                   |  1- 3 |  4- 6 || total
-------------------------+-------+-------++-------
Melee: Dagger            |    59 |    82 ||   141
       Tentacles         |     9 |    10 ||    19
       Constrict         |    11 |    19 ||    30
  Use: Scroll            |       |     3 ||     3
       Potion            |       |     2 ||     2
 Stab: Sleeping          |     9 |    12 ||    21
  Eat: Chunk             |     1 |     2 ||     3
Armor: Skin              |     3 |     2 ||     5
Dodge: Dodged            |    23 |    30 ||    53

Table legend:
 A = Non-vault XP
 B = Vault XP
 C = Vault XP percentage of total XP
 D = Non-vault monster count
 E = Vault monster count
 F = Vault count percentage of total count
                 A         B        C        D         E       F
            +---------+---------+-------+---------+---------+-------
      Total |     158 |      16 |   9.2 |      60 |       7 |  10.4
            +---------+---------+-------+---------+---------+-------
        D:1 |      21 |      11 |  34.4 |      14 |       4 |  22.2
        D:2 |      84 |       5 |   5.6 |      27 |       3 |  10.0
        D:3 |      53 |       0 |   0.0 |      19 |       0 |   0.0
            +---------+---------+-------+---------+---------+-------
